 Dungeon Crawl Stone Soup version 0.31-a0-1010-g5322dac6a2 (webtiles) character file.

Game seed: 18387474732849697882

273 Azuregosa the Covert (level 6, 0/43 HPs)
             Began as an Octopode Delver on Nov 17, 2023.
             Slain by a phantom (3 damage)
             ... on level 5 of the Dungeon.
             The game lasted 00:13:19 (3486 turns).

Azuregosa the Covert (Octopode Delver)              Turns: 3486, Time: 00:13:20

Health: 0/43       AC:  1    Str: 11    XL:     6   Next: 23%
Magic:  8/8        EV: 13    Int: 20    God:
Gold:   227        SH:  0    Dex: 14    Spells: 2/8 levels left

rFire   . . .        t - +0 rapier (venom)
rCold   . . .        (no shield)
rNeg    . . .        (helmet restricted)
rPois   .            v - amulet of magic regeneration
rElec   .            m - +6 ring of intelligence
rCorr   .            o - ring of flight
SInv    .            y - ring of wizardry
Will    .....        (no ring)
Stlth   +++++        (no ring)
HPRegen 0.27/turn    (no ring)
MPRegen 0.51/turn    (no ring)
                     (no ring)

%: wizardry (x1)
@: flying
A: almost no armour, amphibious, 8 rings, camouflage 1, gelatinous body 1,
(nimble swimmer 1), tentacles
a: no special abilities


You were on level 5 of the Dungeon.
You visited 2 branches of the dungeon, and saw 6 of its levels.

You collected 227 gold pieces.

Inventory:

Hand Weapons
 a - a +0 short sword
 t - a +0 rapier of venom (weapon)
 z - a +1 rapier of draining
Missiles
 i - 38 stones
 p - 3 atropa-tipped darts
Jewellery
 m - a +6 ring of intelligence (left tentacle)
 o - a ring of flight (right tentacle)
 v - an amulet of magic regeneration (around mantle)
 y - a ring of wizardry (on tentacle)
Talismans
 w - a blade talisman
Wands
 f - a wand of digging (3)
 A - a wand of roots (10)
Scrolls
 b - 2 scrolls of fog
 d - a scroll of fear
 g - a scroll of teleportation {unknown}
 j - a scroll of noise {unknown}
 k - 3 scrolls of enchant armour {unknown}
 l - a scroll of revelation
 n - 5 scrolls of identify {unknown}
 x - a scroll of enchant weapon {unknown}
Potions
 c - 6 potions of curing {unknown}
 e - 3 potions of haste
 h - a potion of lignification {unknown}
 q - a potion of heal wounds {unknown}
 r - a potion of attraction {unknown}
 s - a potion of magic {unknown}
 u - 2 potions of degeneration {unknown}


   Skills:
 - Level 4.1 Fighting
 - Level 2.0 Short Blades
 - Level 2.0 Dodging
 - Level 9.1 Stealth
 + Level 1.5 Spellcasting
 + Level 1.7 Translocations


You had 2 spell levels left.
You knew the following spells:

 Your Spells              Type           Power      Damage    Failure   Level
a - Apportation           Tloc           16%        N/A       3%          1
b - Lesser Beckoning      Tloc           16%        N/A       4%          2
c - Teleport Other        Tloc           8%         N/A       10%         3

Your spell library contained the following spells:

 Spells                   Type           Power      Damage    Failure   Level
 Jinxbite                 Hex            2%         N/A       11%         2
 Gell's Gravitas          Tloc           8%         N/A       10%         3
 Tukima's Dance           Hex            1%         N/A       21%         3
 Passage of Golubria      Tloc           8%         N/A       32%         4
 Alistair's Intoxication  Tmut/Pois      0%         N/A       86%         5
 Yara's Violent Unravell  Hex/Tmut       0%         3d3       86%         5


Dungeon Overview and Level Annotations

Branches:
Dungeon (5/15)             Temple (1/1) D:5

Altars:
Ashenzari
Cheibriados
Dithmenos
Elyvilon
Fedhas
Hepliaklqana
Kikubaaqudgha
Makhleb
Nemelex Xobeh
Okawaru
Ru
Sif Muna
Trog
Uskayaw
Vehumet
Wu Jian
Xom
Yredelemnul
Zin
The Shining One


Innate Abilities, Weirdness & Mutations

You cannot wear most types of armour.
You are amphibious.
You can wear up to eight rings at the same time.
Your skin changes colour to match your surroundings (Stealth+).
Your rubbery body absorbs attacks. (AC +1, EV +1)
((You are camouflaged when in or above water. (Stealth+)))
You have tentacles for arms and can constrict up to eight enemies at once.


Message History

You kill the jackal!
You hit the jackal.
You kill the jackal!
You see here a jackal corpse.
HP restored.
A phantom, an orc, an orc wizard and an orc priest come into view.
Found 13 gold pieces.
An orc comes into view. It is wielding a +0 flail.
Found a scroll of revelation.
The orc priest shouts!
The phantom misses you.
You hit the phantom. You squeeze the phantom.
The phantom is lightly damaged.
The orc priest looks encouraged for a moment.
The phantom hits you.
You miss the phantom.
The phantom is lightly damaged.
The phantom hits you.
You hit the phantom but do no damage.
Your tentacle-slap misses the phantom.
The phantom is lightly damaged.
The phantom hits you.
The phantom blinks!
You blink.
You hit the phantom. You squeeze the phantom.
The phantom is heavily damaged.
The phantom hits you.
The phantom blinks!
You blink.
You hit the phantom.
The phantom is severely damaged.
The orc priest calls down the wrath of Beogh upon you.
Beogh smites you!
* * * LOW HITPOINT WARNING * * *
The phantom hits you!
* * * LOW HITPOINT WARNING * * *
As you read the scroll of fear, it crumbles to dust.
You assume a fearsome visage.
The phantom is unaffected.
The orc looks frightened!
The orc shouts!
The orc priest looks frightened!
The phantom barely misses you.
You hit the phantom.
The phantom is severely damaged.
The phantom hits you.
You die...

** **,** #####.#### * *,*
#........# ### *,*
#.###.##.# ..# ##+#* #.#
#.##.# ..# ##...## #o#
#.##.# ..# ##.....##
#.###....# ..# ##.......##
#.#.###..#
..###.........###....##..#
...S+........<'W@........#
..###.........####...##.##
..# *#.......## ##.##..#
..# ##.....## ####.## ###
##...## #.* ##'## #.* #.#
#.* #########.# *****#.*
#.......#.## *,,,,,,*


You could see a phantom and an orc priest (fleeing).

Vanquished Creatures
  A hound (D:4)
  An orc wizard (D:5)
  2 iguanas
  6 adders
  3 gnolls (D:2)
  A worm (D:4)
  A dart slug (D:1)
  5 orcs
  5 ball pythons
  4 bats
  8 endoplasms
  3 giant cockroaches
  6 goblins
  9 hobgoblins
  3 jackals (D:5)
  7 kobolds
  A quokka (D:2)
  3 frilled lizards
  12 rats
81 creatures vanquished.

Notes
Turn   | Place    | Note
-------+----------+-------------------------------------------
     0 | D:5      | Azuregosa the Octopode Delver began the quest for the Orb.
     0 | D:5      | Reached XP level 1. HP: 16/16 MP: 1/1
    43 | D:5      | Found a staircase to the Ecumenical Temple.
    58 | Temple   | Entered the Ecumenical Temple
    62 | D:5      | Noticed a water moccasin
    89 | D:5      | Noticed an orc wizard
   122 | D:5      | Killed an orc wizard
   123 | D:5      | Reached skill level 7 in Stealth
   123 | D:5      | Reached XP level 2. HP: 18/21 MP: 2/2
   123 | D:5      | Reached XP level 3. HP: 22/26 MP: 3/3
   131 | D:5      | Reached skill level 8 in Stealth
   449 | D:4      | Reached XP level 4. HP: 27/31 MP: 4/4
   501 | D:4      | Reached skill level 9 in Stealth
   867 | D:1      | Reached XP level 5. HP: 36/36 MP: 5/5
  2143 | D:2      | Found a hazy altar of Hepliaklqana.
  2168 | D:2      | Learned a level 1 spell: Apportation
  2762 | D:3      | Reached skill level 1 in Spellcasting
  2762 | D:3      | Reached skill level 1 in Translocations
  2762 | D:3      | Reached XP level 6. HP: 43/43 MP: 7/7
  2765 | D:3      | Learned a level 2 spell: Lesser Beckoning
  2769 | D:3      | Learned a level 3 spell: Teleport Other
  3484 | D:5      | HP: 2/43 [phantom (7)]
  3486 | D:5      | Slain by a phantom

Illustrated notes

Levels and vault maps discovered:
D:1:      minmay_arrival_doors, layout_loops_corners
D:2:      layout_loops_ring, basic_altar
D:3:      minmay_angry_zag, layout_loops_ring
D:4:      layout_basic, serial_glass, glass_columns_a, glass_columns_a,
          glass_columns_c, glass_columns_a
D:5:      layout_loops_corners, minmay_temple_entry_statues_fountains,
          ebering_ghost_gozag, goddamned_bats
Temple:   nicolae_temple_bog_church

Skill      XL: |  1  2  3  4  5 |
---------------+----------------+-----
Stealth        | 7 8 9 |  9.1
Fighting       | 4 |  4.1
Spellcasting   | 1 |  1.5
Translocations | 1 |  1.7
Short Blades   | |  2.0
Dodging        | |  2.0

Action                     |  1- 3 |  4- 6 || total
---------------------------+-------+-------++-------
  Melee: Short sword       |    31 |    78 ||   109
         Tentacles         |    14 |    28 ||    42
         Constrict         |     6 |    26 ||    32
         Punch             |     1 |       ||     1
         Rapier            |       |    60 ||    60
    Use: Scroll            |     1 |     1 ||     2
   Stab: Sleeping          |     3 |    27 ||    30
 Armour: Skin              |    10 |    49 ||    59
  Dodge: Dodged            |    10 |    72 ||    82

Table legend: (Time is in decaauts)
 A = Elapsed time spent in this place.
 B = Non-inter-level travel time spent in this place.
 C = Inter-level travel time spent in this place.
 D = Time resting spent in this place.
 E = Time spent auto-exploring this place.
 F = Levels seen in this place.
 G = Mean time per level.
                   A        B        C        D        E       F      G
               +--------+--------+--------+--------+--------+-----+--------+
         Total |   3480 |   3351 |    129 |    382 |   2084 |   6 |  580.0 |
       Dungeon |   3478 |   3349 |    129 |    382 |   2084 |   5 |  695.6 |
        Temple |      1 |      1 |      0 |      0 |      0 |   1 |    1.0 |
               +--------+--------+--------+--------+--------+-----+--------+

Top non-repeatable levels by time:
     D:1: 925 daAuts
     D:3: 746 daAuts
     D:2: 741 daAuts
     D:4: 706 daAuts
     D:5: 358 daAuts
  Temple: 1 daAuts
